 Dungeon Crawl Stone Soup version 0.18.1-48-g4cf74bf (webtiles) character file.

475 Inkary the Skirmisher (level 6, -6/57 HPs)
             Began as a Minotaur Fighter on July 20, 2016.
             Killed by divine providence
             ... invoked by an orc priest
              (12 damage)
             ... on level 4 of the Dungeon.
             The game lasted 00:06:07 (3039 turns).

Inkary the Skirmisher (Minotaur Fighter)            Turns: 3039, Time: 00:06:08

Health: -6/57      AC:  7    Str: 26    XL:     6   Next: 84%
Magic:  5/5        EV:  8    Int:  8    God:
Gold:   201        SH: 10    Dex: 11    Spells: 0 memorised, 5 levels left

rFire  . . .     SeeInvis .     n - +0 mace (drain)
rCold  . . .     Gourm    .     b - +0 scale mail
rNeg   . . .     Faith    .     c - +0 shield
rPois  .         Spirit   .     (helmet restricted)
rElec  .         Dismiss  .     (no cloak)
rCorr  .         Reflect  .     (no gloves)
SustAt .         Harm     .     (no boots)
MR     .....                    k - amulet of inaccuracy (curse)
Stlth  ..........               (no ring)
                                o - +3 ring of intelligence

@: mighty, not resistant to hostile enchantments, extremely unstealthy
A: retaliatory headbutt, horns 2
a: no special abilities


You were on level 4 of the Dungeon.
You were hungry.

You visited 1 branch of the dungeon, and saw 4 of its levels.

You collected 201 gold pieces.

Inventory:

Hand Weapons
 a - a +0 war axe
 n - a +0 mace of draining (weapon)
Armour
 b - a +0 scale mail (worn)
 c - a +0 shield (worn)
Jewellery
 k - a cursed amulet of inaccuracy (around neck)
 o - a +3 ring of intelligence (left hand)
 p - an uncursed amulet of the gourmand {unknown}
Wands
 g - a wand of flame (35/48)
Scrolls
 j - a scroll of identify
 q - a scroll of noise {unknown}
 t - 3 scrolls of remove curse {unknown}
 u - 2 scrolls of enchant armour {unknown}
 v - a scroll of random uselessness {unknown}
 w - a scroll of magic mapping {unknown}
 x - a scroll of fear {unknown}
 y - a scroll of teleportation {unknown}
Potions
 e - a potion of cancellation {unknown}
 i - a potion of lignification {unknown}
 l - 4 potions of curing {unknown}
 r - a potion of agility {unknown}
 z - a potion of brilliance {unknown}
 A - a potion of haste
 B - a potion of cure mutation {unknown}
Comestibles
 f - 2 bread rations
 h - a beef jerky
 s - a slice of pizza


   Skills:
 + Level 5.7 Fighting
 + Level 5.0 Axes
 + Level 5.4 Armour
 + Level 5.6 Shields


You had 5 spell levels left.
You didn't know any spells.

Dungeon Overview and Level Annotations

Branches:
Dungeon (4/15)
 Temple: D:4-7

Altars:
Ashenzari
Gozag
Sif Muna


Innate Abilities, Weirdness & Mutations

You reflexively headbutt those who attack you in melee.
You have a pair of horns on your head.


Message History

The orc wizard gestures wildly while chanting.
The orc wizard flickers and vanishes!
Deactivating autopickup; reactivate with Ctrl-A.
The orc priest calls down the wrath of Beogh upon you.
Reactivating autopickup.
You feel a bit more experienced.
The orc priest calls down the wrath of Beogh upon you.
Pain shoots through your body!
* * * LOW HITPOINT WARNING * * *
You block the gnoll's attack. The orc priest hits you.
* * * LOW HITPOINT WARNING * * *
Things that are here:
a dagger; a robe Drink which item? (? for menu, Esc to quit)
Okay, then.
Read which item? (? for menu, Esc to quit)
Okay, then.
The orc priest invokes the aid of Beogh against you.
Beogh smites you!
You die... .. ... ... ..♣.. ######...... #og.oog♣

#o###g.....?
#)# .......
#@# ..♣....
#.###... ...
#...#.... ).
###.#..... .
#.##.....
#.# #.# #.#
#.#
###########


You could see 2 orc priests and a gnoll.

Vanquished Creatures
  The ghost of junkhipster the Covered, an amateur GrFi (D:4)
  A phantom (D:4)
  An orc priest (D:3)
  Terence (D:2)
  A worker ant (D:4)
  A gnoll (D:4)
  8 adders
  2 oozes
  An adder skeleton (D:4)
  A worm (D:4)
  A dart slug (D:4)
  A giant gecko (D:2)
  9 orcs
  13 bats
  3 giant cockroaches
  9 goblins
  11 hobgoblins
  2 jackals (D:2)
  A ball python (D:2)
  7 giant newts
  8 kobolds
  6 rats
89 creatures vanquished.

Vanquished Creatures (others)
  An orc wizard (D:4)
1 creature vanquished.

Grand Total: 90 creatures vanquished

Notes
Turn   | Place    | Note
--------------------------------------------------------------
     0 | D:1      | Inkary the Minotaur Fighter began the quest for the Orb.
     0 | D:1      | Reached XP level 1. HP: 19/19 MP: 0/0
   187 | D:1      | Reached XP level 2. HP: 27/27 MP: 1/1
   424 | D:1      | Reached XP level 3. HP: 33/33 MP: 2/2
   764 | D:2      | Noticed Terence
   779 | D:2      | Killed Terence
  1051 | D:2      | Found a shattered altar of Ashenzari.
  1180 | D:2      | Found a deep blue altar of Sif Muna.
  1191 | D:2      | Reached XP level 4. HP: 37/40 MP: 3/3
  1233 | D:2      | Found an opulent altar of Gozag.
  1382 | D:2      | You fall through a shaft!
  2033 | D:3      | Reached XP level 5. HP: 34/47 MP: 4/4
  2254 | D:4      | Reached skill level 5 in Shields
  2260 | D:4      | Reached skill level 5 in Fighting
  2262 | D:4      | Noticed a phantom
  2307 | D:4      | Killed a phantom
  2307 | D:4      | Reached skill level 5 in Armour
  2307 | D:4      | Reached XP level 6. HP: 39/56 MP: 5/5
  2524 | D:4      | Noticed junkhipster's ghost (amateur GrFi)
  2545 | D:4      | Killed junkhipster's ghost
  2912 | D:4      | Reached skill level 5 in Axes
  3039 | D:4      | Killed from afar by an orc priest

Skill      XL: |  1  2  3  4  5  6 |
---------------+-------------------+-----
Shields        | 4 5 |  5.6
Axes           | 3 4 5 |  5.0
Fighting       | 4 5 |  5.7
Armour         | 4 5 |  5.4

Action                   |  1- 3 |  4- 6 || total
-------------------------+-------+-------++-------
Melee: War axe           |    70 |       ||    70
       Headbutt          |     7 |    28 ||    35
       Mace              |    25 |   219 ||   244
  Use: Scroll            |     3 |       ||     3
       Potion            |       |     5 ||     5
  Eat: Chunk             |     1 |     6 ||     7
Armor: Scale mail        |    59 |   125 ||   184
Dodge: Dodged            |    32 |    67 ||    99
Block: Shield            |    58 |   138 ||   196
